Map: Prion Terraces

Players

ESXCDL

  • Race: Protoss Protoss
  • League: Gold

LilDicky - Winner!

  • Race: Terran Terran
  • League: Platinum

VOD

http://www.twitch.tv/tumescentpie

Description

Time

  • Played on: Nov. 21, 2015, 5:13 p.m.
  • Length: 7:00
Show
View Real Time Build Order
Export as new Build Order

ESXCDL Protoss 

Build Orders:  

Get SALT Encoding   

  12  0:01  Probe (Chrono Boost)  
  13  0:11  Probe (Chrono Boost)  
  14  0:22  Probe (Chrono Boost), Pylon  
  15  0:41  Probe (Chrono Boost)  
  16  0:51  Probe (Chrono Boost)  
  16  0:52  Gateway  
  17  1:02  Probe (Chrono Boost)  
  18  1:13  Assimilator  
  18  1:16  Assimilator  
  18  1:20  Probe (Chrono Boost)  
  19  1:40  Cybernetics Core, Pylon  
  19  1:43  Probe (Chrono Boost)  
  21  1:54  Probe (Chrono Boost)  
  21  1:58  Pylon  
  21  2:04  Probe (Chrono Boost)  
  22  2:16  Stalker (Chrono Boost), Warp Gate  
  22  2:21  Gateway  
  24  2:24  Gateway  
  24  2:28  Probe  
  25  2:40  Probe (Chrono Boost)  
  26  2:57  Nexus, Pylon  
  26  3:08  Stalker  
  23  3:23  Robotics Facility  
  23  3:28  Probe (Chrono Boost)  
  23  4:03  Probe (Chrono Boost)  
  23  4:08  Stalker  
  26  4:14  Observer  
  26  4:17  Probe (Chrono Boost)  
  26  4:19  Probe (Chrono Boost)  
  28  4:28  Probe (Chrono Boost)  
  28  4:30  Probe (Chrono Boost)  
  30  4:32  Stalker  
  30  4:33  Stalker  
  33  4:44  Probe (Chrono Boost)  
  34  4:47  Immortal (Chrono Boost)  
  34  4:51  Probe (Chrono Boost)  
  39  4:55  Probe (Chrono Boost)  
  40  5:02  Probe (Chrono Boost)  
  40  5:12  Probe (Chrono Boost)  
  41  5:16  Zealot  
  41  5:17  Zealot x2  
  41  5:20  Probe  
  47  5:23  Probe  
  46  5:37  Zealot  
  46  5:38  Zealot x2  
  49  6:09  Nexus  
  49  6:10  Pylon  
  48  6:23  Pylon  
  52  6:49  Zealot x2  
Show
View Real Time Build Order
Export as new Build Order

LilDicky Terran - Winner!

Build Orders: MMM Bio 

Get SALT Encoding   

  12  0:02  SCV  
  13  0:14  SCV  
  13  0:17  Supply Depot  
  14  0:26  SCV  
  15  0:30  Refinery  
  15  0:39  SCV  
  16  0:46  Barracks  
  16  0:53  SCV  
  17  1:05  SCV  
  18  1:17  SCV  
  19  1:29  SCV  
  20  1:34  Factory  
  20  1:36  Marine  
  21  1:41  Orbital Command  
  21  1:42  Supply Depot  
  21  1:56  Marine  
  22  2:07  SCV, Barracks  
  23  2:13  Barracks  
  23  2:19  SCV  
  24  2:26  Supply Depot  
  24  2:28  Barracks Reactor  
  24  2:31  SCV  
  24  2:36  Refinery  
  25  2:39  Widow Mine  
  25  2:43  SCV  
  28  2:55  SCV  
  28  3:08  SCV, Barracks Tech Lab x2, Widow Mine  
  31  3:13  Supply Depot  
  31  3:20  SCV  
  31  3:21  Marine x2  
  34  3:32  SCV  
  35  3:36  Widow Mine  
  37  3:48  Marine  
  37  3:49  Combat Shields, Stimpack, Marauder x2  
  37  3:50  SCV  
  43  4:01  Supply Depot  
  43  4:02  SCV  
  45  4:06  Marine x2  
  46  4:14  SCV  
  47  4:23  Marauder x2  
  51  4:28  Marine x2  
  53  4:42  SCV  
  53  4:44  Marine  
  53  4:45  Supply Depot  
  55  4:47  Marauder, Marine x2  
  55  4:50  Starport  
  57  5:02  Marauder  
  57  5:05  Marine x2  
  61  5:07  Supply Depot  
  61  5:08  Concussive Shells  
  61  5:09  Marauder  
  61  5:23  Marauder  
  63  5:31  Marauder, Marine x2  
  67  5:38  Medivac  
  69  5:45  Supply Depot, Marauder  
  69  5:49  Marine x2  
  73  5:53  Marauder  
  70  6:13  Medivac  
  72  6:23  Marine x2  
  72  6:24  Marauder x2  
  75  6:34  SCV  
  76  6:41  Marine  
  76  6:46  SCV  
Tags
 
Add a new tag
Caveats
  • Supply blocks, unpowered buildings, or Contaminate may cause inaccurate times.
  • Supply counts are checked every 10 seconds.